 Dungeon Crawl Stone Soup version 0.29.0-4-gdea44cf6ec (webtiles) character file.

Game seed: 8986559247490609370

113385 qw the Warrior (level 14, -3/144 (146) HPs)
             Began as a Minotaur Fighter on Sept 5, 2022.
             Was the Champion of Ru.
             Slain by a lorocyproca (26 damage)
             ... on level 2 of the Abyss.
             The game lasted 00:13:27 (32224 turns).

qw the Warrior (Minotaur Fighter)                  Turns: 32224, Time: 00:13:27

HP:   -3/144 (146)  AC: 29    Str: 31    XL:     14   Next: 13%
MP:   0/13          EV: 11    Int:  5    God:    Ru [******]
Gold: 201           SH: 11    Dex: 12    Spells: 13/13 levels left

rFire   + . .      SeeInvis .   a - +1 broad axe (elec)
rCold   + . .      Faith    .   c - +0 kite shield
rNeg    . . .      Spirit   +   m - +10 plate armour "Cazaogg" {+Inv Str+4}
rPois   +          Reflect  .   (helmet restricted)
rElec   .          Harm     .   (no cloak)
rCorr   +          Rampage  .   t - +1 pair of gloves
Will    +....                   (no boots)
Stlth   ..........              h - amulet of guardian spirit
HPRegen 0.34/turn               s - ring of Watwen {rF+ rC+ rCorr Str+3 Slay+3}
MPRegen 0.13/turn               p - ring of poison resistance

@: lightly drained
A: horns 2, no stealth, hated by all, no conjurations magic, no earth magic, no
transmutations magic, inexperienced 2, missing an eye, retaliatory headbutt
a: Renounce Religion, Evoke Invisibility, Draw Out Power, Power Leap, Apocalypse


You were on level 2 of the Abyss.
You worshipped Ru.
Ru was exalted by your worship.
You visited 4 branches of the dungeon, and saw 23 of its levels.
You visited the Abyss 2 times.
You also visited: Sewer.

You collected 2599 gold pieces.
You spent 2398 gold pieces at shops.


Innate Abilities, Weirdness & Mutations

You have a pair of horns on your head.
You cannot be stealthy.
You are hated by all.
You cannot study or cast Conjurations magic.
You cannot study or cast Earth magic.
You cannot study or cast Transmutations magic.
You are inexperienced. (-2 XL)
You are missing an eye, making it more difficult to aim.
You reflexively headbutt those who attack you in melee.


   Skills:
 - Level 19.0 Fighting
 + Level 17.9 Axes
 - Level 7.7 Throwing
 - Level 16.0 Armour
 - Level 10.0 Dodging
 - Level 11.9 Shields


You had 13 spell levels left.
You didn't know any spells.
Your spell library was empty.

Inventory:

Hand Weapons
 a - a +1 broad axe of electrocution (weapon)
 i - a +4 morningstar
Missiles
 e - 12 boomerangs (quivered)
Armour
 c - a +0 kite shield (worn)
 m - the +10 plate armour "Cazaogg" (worn) {+Inv Str+4}
   (You found it on level 7 of the Dungeon)

   Str:       It affects your strength (+4).
   +Inv:      It lets you turn invisible.
 t - a +1 pair of gloves (worn)
Jewellery
 h - an amulet of guardian spirit (around neck)
 n - a +4 ring of protection
 p - a ring of poison resistance (right hand)
 s - the ring of Watwen (left hand) {rF+ rC+ rCorr Str+3 Slay+3}
   (You bought it in a shop on level 2 of the Orcish Mines)

   [ring of resist corrosion]

   Str:       It affects your strength (+3).
   Slay:      It affects your accuracy & damage with ranged weapons and melee
   (+3).
   rF:        It protects you from fire.
   rC:        It protects you from cold.
   rCorr:     It protects you from acid and corrosion.
Scrolls
 l - 23 scrolls of identify
Potions
 b - 4 potions of mutation
 d - 7 potions of might
 f - a potion of cancellation
 g - 8 potions of curing
 o - 2 potions of haste
 u - a potion of heal wounds

Dungeon Overview and Level Annotations

Branches:
Dungeon (15/15)            Temple (0/1) D:6            Lair (5/5) D:9
  Swamp (0/4) Lair:3        Snake (1/4) Lair:2        Slime (0/5) Lair:4
    Orc (2/2) D:11            Elf (0/3) Orc:2        Vaults (0/5) D:13
 Depths (0/4) D:15          Sewer (visited)

Altars:
Dithmenos
Gozag
Kikubaaqudgha
Makhleb
Nemelex Xobeh
Okawaru
Ru
Trog
Xom
Zin

Shops:
D:7 (   D:13 [   Orc:1 *(   Orc:2 !*[((=*

Annotations:
D:12 1 runed translucent door, qw's ghost, novice GrBe
Lair:1 2 transporters, qw's ghost, novice TrCA
Lair:3 3 runed translucent doors, qw's ghost, journeyman TrCA


Message History

You slash the flying skull!
You destroy the flying skull!
A large abomination comes into view.
The large abomination hits you but does no damage.
You slice the large abomination!! You headbutt the large abomination!
The large abomination is severely damaged.
You hear a chilling moan.
A wight comes into view. It is wielding a +0 morningstar.
The large abomination hits you but does no damage.
32211 ||| Stepping ~*~*~tactically~*~*~ (stealth).
You slash the large abomination!
Your headbutt misses the large abomination.
The large abomination is almost destroyed.
You barely miss the large abomination.
The large abomination is almost destroyed.
The large abomination is stunned by your conviction and fails to attack.
You closely miss the large abomination. You headbutt the large abomination.
You destroy the large abomination!
There is a strange disturbance nearby!
32215 ||| Stepping randomly (disturbance).
Deactivating autopickup; reactivate with Ctrl-A.
You completely miss something. You completely miss something.
Your headbutt misses something. Something hits you!
You feel your power leaking away.
You hit something. Something hits you.
You slice something!! You miss something. Something hits you!
You miss something. You miss something. You hit something. Something hits you!!
You miss something. Something hits you!
You focus your inner power and blind something in retribution!
You barely miss something. Your headbutt misses something. Something hits you!!
You die...

.# #. . ..##
..# ..
##...#..# ..
##...#... ##
#.##...#..#
... ........#
... #.....#
..... #@{.##
. .# ##.#.#
#.. ##...##
#... .....###
............#
... ...
.....#...# .
...
###...##..#.
.. .z# ##.##
.# # . . ...#


There were no monsters in sight!

Vanquished Creatures
  A tentacled starspawn (Abyss:2)
  A storm dragon (D:13)
  A frost giant (D:15)
  Josephine (D:13)
  A rakshasa (D:13)
  4 boulder beetles
  12 hydras
  11 two-headed ogres
  A death knight (D:15)
  3 ogre magi
  3 anacondas (Snake:1)
  5 centaur warriors
  A merfolk avatar (Lair:5)
  6 tengu warriors
  4 death yaks
  A thrashing horror (Abyss:2)
  An orc high priest (Orc:2)
  Sonja (D:11)
  A sixfirhy (Abyss:2)
  A sea snake (Lair:5)
  7 skeletal warriors
  2 large abominations (Abyss:2)
  2 deep trolls (Orc:1)
  A bog body (Lair:3)
  An orc sorcerer (Orc:1)
  An orc knight (D:13)
  A harpy (Lair:4)
  5 ugly things
  2 worldbinders (Abyss:2)
  A faun (shapeshifter) (D:13)
  2 slime creatures (D:13)
  3 deep elf pyromancers (D:15)
  10 cyclopes
  4 manticores
  33 elephants
  A gargoyle (D:12)
  2 black mambas
  A torpor snail (Lair:1)
  18 cane toads
  An orange demon (Abyss:2)
  4 centaur skeletons (D:13)
  8 rime drakes (Lair:5)
  A freezing wraith (D:14)
  A kobold demonologist (D:11)
  12 komodo dragons
  An efreet (D:15)
  3 tengu conjurers
  10 trolls
  Prince Ribbit (D:6)
  2 wind drakes (Lair:5)
  3 hornets
  4 raiju (Abyss:2)
  Grinder (D:4)
  20 blink frogs
  A snapping turtle (Lair:5)
  5 flying skulls (Abyss:2)
  A water elemental (D:13)
  7 wyverns
  5 wraiths
  A vampire (D:14)
  A shadow (D:11)
  56 yaks
  6 basilisks
  Grum (D:9)
  A golden eye (shapeshifter) (D:14)
  5 steam dragons
  6 wargs
  4 vampire mosquitoes (D:10)
  Menkaure (D:6)
  2 acid dragons
  5 nagas (Lair:2)
  A swamp worm (Lair:3)
  13 water moccasins
  Pargi (Sewer)
  19 orc warriors
  10 ice beasts
  2 sky beasts
  3 black bears
  26 ogres
  10 centaurs
  2 small abominations (Abyss:2)
  9 wolves
  2 kobold brigands
  8 bullfrogs
  4 scorpions
  12 wights
  3 killer bees
  5 electric eels
  4 howler monkeys
  6 starcursed masses (Abyss:2)
  4 hounds
  15 jellies
  A gnoll bouda (Orc:1)
  19 orc priests
  Natasha (twice) (D:3)
  7 iguanas
  23 orc wizards
  11 hell rats
  8 adders
  7 gnolls
  2 shadow imps
  An ufetubus (D:4)
  A worm (D:5)
  4 dart slugs
  71 orcs
  5 endoplasms
  9 giant cockroaches
  3 goblins
  2 hobgoblins
  4 jackals (D:1)
  2 quokkas (D:5)
  8 ball pythons
  9 bats
  3 frilled lizards
  20 kobolds
  5 rats
723 creatures vanquished.

Vanquished Creatures (others)
  An orc warlord (Orc:1)
  A deep elf pyromancer (D:13)
  A manticore (Lair:5)
  A rime drake (Lair:5)
  A blink frog (Lair:5)
  A wyvern (Lair:5)
  A yak (Lair:5)
  An orc warrior (Orc:2)
  2 ogres
  2 killer bees (D:10)
  A hell rat (Lair:5)
  An orc (Orc:1)
  4 kobolds (D:10)
  37 fungi
  63 plants
118 creatures vanquished.

Grand Total: 841 creatures vanquished

Notes
Turn   | Place    | Note
-------+----------+-------------------------------------------
     0 | D:1      | qw the Minotaur Fighter began the quest for the Orb.
     0 | D:1      | Reached XP level 1. HP: 19/19 MP: 0/0
     0 | D:1      | 0 ||| qw: Version: 0.1-a-104-g96f76f8
     0 | D:1      | 0 ||| qw: Game counter: 5925
     0 | D:1      | 0 ||| qw: Always use a shield: true
     0 | D:1      | 0 ||| qw: God list: Ru
     0 | D:1      | 0 ||| qw: Allow faded altars: false
     0 | D:1      | 0 ||| qw: Do Orc after D:15 true
     0 | D:1      | 0 ||| qw: Do second Lair branch before Depths: true
     0 | D:1      | 0 ||| qw: Lair rune preference: random
     0 | D:1      | 0 ||| qw: Plans: Normal
     0 | D:1      | 0 ||| PLANNING D:1-11
   243 | D:1      | Reached skill level 3 in Axes
   291 | D:1      | Reached XP level 2. HP: 26/26 MP: 1/1
   677 | D:1      | 677 ||| UPGRADING to ring of see invisible.
   678 | D:1      | 678 ||| READING scroll labelled TIUTZEUFOUM.
   679 | D:1      | 679 ||| READING 2 scrolls labelled MUDICO GOOBA.
   684 | D:1      | 684 ||| READING scroll labelled TOCOITO ADISA.
   733 | D:2      | 733 ||| Stepping ~*~*~tactically~*~*~ (stealth).
   737 | D:2      | 737 ||| Stepping ~*~*~tactically~*~*~ (stealth).
   866 | D:2      | 866 ||| Stepping ~*~*~tactically~*~*~ (hiding).
  1004 | D:2      | Reached XP level 3. HP: 31/31 MP: 2/2
  1413 | D:2      | 1413 ||| DROPPING +6 ring of intelligence.
  1414 | D:2      | 1414 ||| READING scroll labelled GAUSCH ERGHU.
  1444 | D:3      | 1444 ||| FLEEEEING.
  1445 | D:3      | 1445 ||| FLEEEEING.
  1446 | D:3      | 1446 ||| FLEEEEING.
  1447 | D:3      | 1447 ||| FLEEEEING.
  1462 | D:3      | 1462 ||| Stepping ~*~*~tactically~*~*~ (stealth).
  1477 | D:3      | 1477 ||| FLEEEEING.
  1478 | D:3      | 1478 ||| FLEEEEING.
  1481 | D:3      | 1481 ||| STAIRDANCE
  1584 | D:3      | 1584 ||| Stepping ~*~*~tactically~*~*~ (stealth).
  1630 | D:3      | Noticed a scorpion
  1635 | D:3      | Killed a scorpion
  1636 | D:3      | Reached XP level 4. HP: 39/39 MP: 3/3
  1694 | D:3      | 1694 ||| Stepping ~*~*~tactically~*~*~ (stealth).
  1848 | D:3      | 1848 ||| Stepping ~*~*~tactically~*~*~ (stealth).
  1851 | D:3      | Noticed Natasha
  1852 | D:3      | 1852 ||| Stepping ~*~*~tactically~*~*~ (stealth).
  1854 | D:3      | 1854 ||| Stepping ~*~*~tactically~*~*~ (hiding).
  1855 | D:3      | 1855 ||| Stepping ~*~*~tactically~*~*~ (hiding).
  1857 | D:3      | 1857 ||| Stepping ~*~*~tactically~*~*~ (hiding).
  1861 | D:3      | Killed Natasha
  1862 | D:3      | Reached XP level 5. HP: 45/45 MP: 4/4
  2009 | D:3      | Found a shimmering altar of Xom.
  2308 | D:3      | 2308 ||| Stepping ~*~*~tactically~*~*~ (stealth).
  2309 | D:3      | 2309 ||| Stepping ~*~*~tactically~*~*~ (stealth).
  2316 | D:3      | Noticed Natasha
  2321 | D:3      | Killed Natasha
  2322 | D:3      | Reached skill level 6 in Axes
  2326 | D:3      | 2326 ||| Stepping ~*~*~tactically~*~*~ (stealth).
  2480 | D:3      | 2480 ||| READING scroll labelled CUIHENL PIELOVEKE.
  2481 | D:3      | 2481 ||| READING scroll labelled KOHAPR FUNGA.
  2482 | D:3      | 2482 ||| READING 3 scrolls labelled XAUVABITZI.
  2483 | D:3      | 2483 ||| DRINKING 2 emerald potions.
  2484 | D:3      | 2484 ||| READING 2 scrolls of identify.
  2484 | D:3      | 2484 ||| IDENTIFYING sedimented white potion
  2485 | D:3      | 2485 ||| DROPPING 2 scrolls of fear.
  2556 | D:4      | Noticed Grinder
  2558 | D:4      | Paralysed by Grinder for 4 turns
  2569 | D:4      | 2569 ||| Stepping ~*~*~tactically~*~*~ (hiding).
  2570 | D:4      | 2570 ||| Stepping ~*~*~tactically~*~*~ (hiding).
  2573 | D:4      | Paralysed by Grinder for 4 turns
  2581 | D:4      | Paralysed by Grinder for 2 turns
  2583 | D:4      | Killed Grinder
  2584 | D:4      | Reached XP level 6. HP: 17/51 MP: 5/5
  2842 | D:4      | 2842 ||| Stepping ~*~*~tactically~*~*~ (hiding).
  2844 | D:4      | 2844 ||| Stepping ~*~*~tactically~*~*~ (hiding).
  3030 | D:4      | 3030 ||| Stepping ~*~*~tactically~*~*~ (stealth).
  3032 | D:4      | 3032 ||| Stepping ~*~*~tactically~*~*~ (hiding).
  3043 | D:4      | Reached skill level 4 in Fighting
  3051 | D:4      | Reached XP level 7. HP: 38/59 MP: 6/6
  3160 | D:4      | 3160 ||| Stepping ~*~*~tactically~*~*~ (hiding).
  3196 | D:4      | 3196 ||| Stepping ~*~*~tactically~*~*~ (hiding).
  3248 | D:4      | Found a sparkling altar of Nemelex Xobeh.
  3302 | D:4      | Reached skill level 9 in Axes
  3545 | D:4      | Found a bloodstained altar of Trog.
  3545 | D:4      | Found a shadowy altar of Dithmenos.
  3841 | D:4      | 3841 ||| UPGRADING to +0 chain mail.
  3851 | D:4      | 3851 ||| DROPPING +0 scale mail.
  3852 | D:4      | 3852 ||| READING scroll labelled POVVOCK AM BIS.
  3853 | D:4      | 3853 ||| DRINKING 3 smoky orange potions.
  3865 | D:5      | Entered Level 5 of the Dungeon
  3866 | D:5      | 3866 ||| PLANNING SEWER
  3933 | D:5      | 3933 ||| Stepping ~*~*~tactically~*~*~ (hiding).
  3935 | D:5      | 3935 ||| Stepping ~*~*~tactically~*~*~ (hiding).
  4061 | D:5      | Reached skill level 5 in Fighting
  4084 | D:5      | 4084 ||| Stepping ~*~*~tactically~*~*~ (hiding).
  4212 | D:5      | Found a glowing drain.
  4218 | D:5      | 4218 ||| READING 2 scrolls of identify.
  4218 | D:5      | 4218 ||| IDENTIFYING sapphire potion
  4243 | Sewer    | Entered a sewer
  4286 | Sewer    | Noticed Pargi
  4305 | Sewer    | Killed Pargi
  4420 | D:5      | 4420 ||| PLANNING D:1-11
  4456 | D:5      | 4456 ||| DROPPING +0 mace.
  4460 | D:5      | Found a sacrificial altar of Ru.
  4469 | D:5      | Became a worshipper of Ru the Awakened
  4609 | D:5      | Found a burning altar of Makhleb.
  4813 | D:5      | Reached XP level 8. HP: 68/68 MP: 7/7
  4849 | D:5      | 4849 ||| Stepping ~*~*~tactically~*~*~ (hiding).
  5049 | D:5      | 5049 ||| READING scroll labelled GIANKEFYOPOJ.
  5050 | D:5      | 5050 ||| READING 2 scrolls of identify.
  5050 | D:5      | 5050 ||| IDENTIFYING golden potion
  5051 | D:5      | 5051 ||| DROPPING potion of brilliance.
  5082 | D:6      | Reached skill level 1 in Throwing
  5096 | D:6      | Noticed Menkaure
  5097 | D:6      | 5097 ||| Stepping ~*~*~tactically~*~*~ (hiding).
  5102 | D:6      | Killed Menkaure
  5103 | D:6      | Reached skill level 6 in Fighting
  5280 | D:6      | 5280 ||| Stepping ~*~*~tactically~*~*~ (hiding).
  5318 | D:6      | HP: 16/70 [orc warrior/+0 short sword (15)]
  5319 | D:6      | 5319 ||| READING 3 scrolls of teleportation.
  5320 | D:6      | 5320 ||| DRINKING 2 potions of heal wounds.
  5322 | D:6      | 5322 ||| DRINKING 4 potions of curing.
  5322 | D:6      | 5322 ||| (to cure confusion)
  5324 | D:6      | 5324 ||| DRINKING 3 potions of curing.
  5324 | D:6      | 5324 ||| (to cure confusion)
  5489 | D:6      | Found a staircase to the Ecumenical Temple.
  5590 | D:6      | 5590 ||| Stepping ~*~*~tactically~*~*~ (stealth).
  6089 | D:6      | 6089 ||| UPGRADING to +0 plate armour.
  6099 | D:6      | 6099 ||| DROPPING +0 chain mail.
  6100 | D:6      | 6100 ||| READING 3 scrolls of identify.
  6100 | D:6      | 6100 ||| IDENTIFYING fuming amethyst potion
  6101 | D:6      | 6101 ||| READING 2 scrolls of identify.
  6101 | D:6      | 6101 ||| IDENTIFYING coppery potion
  6102 | D:6      | 6102 ||| DROPPING potion of attraction.
  6139 | D:7      | Found Yruf's Weapon Shoppe.
  6140 | D:7      | Noticed Prince Ribbit
  6143 | D:7      | 6143 ||| Stepping ~*~*~tactically~*~*~ (stealth).
  6145 | D:7      | 6145 ||| STAIRDANCE
  6212 | D:7      | 6212 ||| STAIRDANCE
  6219 | D:6      | Killed Prince Ribbit
  6398 | D:7      | Reached skill level 12 in Axes
  6398 | D:7      | Reached XP level 9. HP: 67/75 MP: 8/8
  6398 | D:7      | 6398 ||| STAIRDANCE
  6549 | D:7      | 6549 ||| Stepping ~*~*~tactically~*~*~ (stealth).
  6561 | D:7      | 6561 ||| INVOKING Sacrifice Love.
  6561 | D:7      | Gained mutation: You are hated by all. [Ru sacrifice]
  6561 | D:7      | Reached * piety under Ru
  6593 | D:7      | Identified the +10 plate armour "Cazaogg" {+Inv Str+4}
  6648 | D:7      | 6648 ||| Stepping ~*~*~tactically~*~*~ (stealth).
  6654 | D:7      | 6654 ||| Stepping ~*~*~tactically~*~*~ (stealth).
  6682 | D:7      | Reached skill level 7 in Fighting
  6810 | D:7      | 6810 ||| Stepping randomly (cloudy).
  6982 | D:7      | Found an opulent altar of Gozag.
  7453 | D:7      | 7453 ||| UPGRADING to +10 plate armour "Cazaogg" {+Inv
                  | Str+4}.
  7463 | D:7      | 7463 ||| DROPPING +0 plate armour.
  7464 | D:7      | 7464 ||| READING 3 scrolls of identify.
  7464 | D:7      | 7464 ||| IDENTIFYING bubbling purple potion
  7465 | D:7      | 7465 ||| DROPPING potion of flight.
  7473 | D:8      | 7473 ||| STAIRDANCE
  7570 | D:8      | 7570 ||| STAIRDANCE
  8096 | D:8      | 8096 ||| DROPPING +0 morningstar.
  8109 | D:8      | Reached skill level 8 in Fighting
  8139 | D:8      | 8139 ||| Stepping ~*~*~tactically~*~*~ (stealth).
  8153 | D:8      | Reached skill level 3 in Throwing
  8279 | D:8      | Identified the +8 hand axe of Experimentation {protect,
                  | Will+ Str-3 Dex+3}
  8281 | D:8      | 8281 ||| SWAPPING to +8 hand axe of Experimentation
                  | {protect, Will+ Str-3 Dex+3}.
  8332 | D:8      | Found a glowing silver altar of Zin.
  8335 | D:8      | Found an iron altar of Okawaru.
  8340 | D:8      | Found an ancient bone altar of Kikubaaqudgha.
  8548 | D:8      | 8548 ||| DROPPING amulet of faith.
  8549 | D:8      | 8549 ||| UPGRADING to ring of poison resistance.
  8550 | D:8      | 8550 ||| READING scroll labelled HAPLATWAANO.
  8551 | D:8      | 8551 ||| READING scroll labelled CUISESHRUCKE.
  8597 | D:9      | Reached skill level 3 in Dodging
  8610 | D:9      | 8610 ||| Stepping ~*~*~tactically~*~*~ (hiding).
  8684 | D:9      | Noticed Grum
  8689 | D:9      | Reached skill level 6 in Armour
  8708 | D:9      | Killed Grum
  8709 | D:9      | Reached XP level 10. HP: 61/88 MP: 9/9
  8711 | D:9      | 8711 ||| FLEEEEING.
  8712 | D:9      | 8712 ||| FLEEEEING.
  8714 | D:9      | 8714 ||| FLEEEEING.
  8715 | D:9      | 8715 ||| FLEEEEING.
  8716 | D:9      | 8716 ||| FLEEEEING.
  8717 | D:9      | 8717 ||| FLEEEEING.
  8718 | D:9      | 8718 ||| FLEEEEING.
  8719 | D:9      | 8719 ||| FLEEEEING.
  8720 | D:9      | 8720 ||| FLEEEEING.
  8721 | D:9      | 8721 ||| FLEEEEING.
  8722 | D:9      | 8722 ||| STAIRDANCE
  8979 | D:9      | 8979 ||| Stepping ~*~*~tactically~*~*~ (stealth).
  9048 | D:9      | Found a staircase to the Lair.
  9265 | D:9      | 9265 ||| Stepping ~*~*~tactically~*~*~ (stealth).
  9372 | D:9      | 9372 ||| UPGRADING to +0 pair of gloves.
  9377 | D:9      | 9377 ||| DROPPING ring of wizardry.
  9378 | D:9      | 9378 ||| READING scroll labelled RIHUUM ILUMIE.
  9468 | D:10     | Entered Level 10 of the Dungeon
  9468 | D:10     | Noticed a two-headed ogre
  9473 | D:10     | 9473 ||| STAIRDANCE
  9479 | D:9      | Killed a two-headed ogre
  9628 | D:10     | 9628 ||| STAIRDANCE
  9638 | D:10     | 9638 ||| STAIRDANCE
  9680 | D:10     | 9680 ||| Stepping ~*~*~tactically~*~*~ (stealth).
  9681 | D:10     | 9681 ||| STAIRDANCE
  9684 | D:9      | Reached skill level 15 in Axes
  9731 | D:10     | 9731 ||| STAIRDANCE
  9740 | D:10     | 9740 ||| Stepping ~*~*~tactically~*~*~ (hiding).
  9741 | D:10     | 9741 ||| Stepping ~*~*~tactically~*~*~ (hiding).
  9742 | D:10     | 9742 ||| Stepping ~*~*~tactically~*~*~ (stealth).
  9761 | D:10     | 9761 ||| Stepping ~*~*~tactically~*~*~ (stealth).
  9762 | D:10     | 9762 ||| Stepping ~*~*~tactically~*~*~ (stealth).
  9820 | D:10     | 9820 ||| INVOKING Sacrifice an Eye.
  9820 | D:10     | Gained mutation: You are missing an eye, making it more
                  | difficult to aim. [Ru sacrifice]
  9820 | D:10     | Reached ** piety under Ru
  9839 | D:10     | 9839 ||| Stepping ~*~*~tactically~*~*~ (stealth).
  9845 | D:10     | Reached skill level 9 in Fighting
  9847 | D:10     | 9847 ||| Stepping ~*~*~tactically~*~*~ (stealth).
  9863 | D:10     | Reached skill level 6 in Shields
  9964 | D:10     | 9964 ||| Stepping ~*~*~tactically~*~*~ (stealth).
  9965 | D:10     | 9965 ||| Stepping ~*~*~tactically~*~*~ (stealth).
  9969 | D:10     | 9969 ||| Stepping ~*~*~tactically~*~*~ (stealth).
  9974 | D:10     | Reached XP level 11. HP: 97/97 MP: 10/10
 10004 | D:10     | Reached skill level 10 in Fighting
 10088 | D:10     | 10088 ||| FLEEEEING.
 10089 | D:10     | 10089 ||| FLEEEEING.
 10090 | D:10     | 10090 ||| FLEEEEING.
 10091 | D:10     | 10091 ||| FLEEEEING.
 10092 | D:10     | 10092 ||| FLEEEEING.
 10093 | D:10     | 10093 ||| FLEEEEING.
 10247 | D:10     | 10247 ||| FLEEEEING.
 10248 | D:10     | 10248 ||| FLEEEEING.
 10249 | D:10     | 10249 ||| FLEEEEING.
 10250 | D:10     | 10250 ||| FLEEEEING.
 10251 | D:10     | 10251 ||| FLEEEEING.
 10252 | D:10     | 10252 ||| FLEEEEING.
 10253 | D:10     | 10253 ||| FLEEEEING.
 10296 | D:10     | 10296 ||| FLEEEEING.
 10297 | D:10     | 10297 ||| FLEEEEING.
 10478 | D:10     | 10478 ||| FLEEEEING.
 10479 | D:10     | 10479 ||| FLEEEEING.
 10480 | D:10     | 10480 ||| FLEEEEING.
 10481 | D:10     | 10481 ||| FLEEEEING.
 10482 | D:10     | 10482 ||| FLEEEEING.
 10483 | D:10     | 10483 ||| FLEEEEING.
 10485 | D:10     | 10485 ||| FLEEEEING.
 10486 | D:10     | 10486 ||| FLEEEEING.
 10487 | D:10     | 10487 ||| FLEEEEING.
 10488 | D:10     | 10488 ||| FLEEEEING.
 10490 | D:10     | 10490 ||| FLEEEEING.
 10491 | D:10     | 10491 ||| FLEEEEING.
 10492 | D:10     | 10492 ||| FLEEEEING.
 10493 | D:10     | 10493 ||| FLEEEEING.
 10494 | D:10     | 10494 ||| FLEEEEING.
 10496 | D:10     | 10496 ||| FLEEEEING.
 10497 | D:10     | 10497 ||| FLEEEEING.
 10498 | D:10     | 10498 ||| FLEEEEING.
 10499 | D:10     | 10499 ||| FLEEEEING.
 10500 | D:10     | 10500 ||| FLEEEEING.
 10501 | D:10     | 10501 ||| FLEEEEING.
 10503 | D:10     | 10503 ||| STAIRDANCE
 10545 | D:9      | 10545 ||| DRINKING 2 pink potions.
 10546 | D:9      | 10546 ||| DROPPING potion of magic.
 10719 | D:10     | 10719 ||| FLEEEEING.
 10720 | D:10     | 10720 ||| FLEEEEING.
 10721 | D:10     | 10721 ||| FLEEEEING.
 10722 | D:10     | 10722 ||| FLEEEEING.
 10723 | D:10     | 10723 ||| FLEEEEING.
 10724 | D:10     | 10724 ||| FLEEEEING.
 10725 | D:10     | 10725 ||| FLEEEEING.
 10726 | D:10     | 10726 ||| FLEEEEING.
 10798 | D:10     | 10798 ||| FLEEEEING.
 10799 | D:10     | 10799 ||| FLEEEEING.
 10800 | D:10     | 10800 ||| FLEEEEING.
 10801 | D:10     | 10801 ||| FLEEEEING.
 10807 | D:10     | 10807 ||| FLEEEEING.
 10808 | D:10     | 10808 ||| FLEEEEING.
 10809 | D:10     | 10809 ||| FLEEEEING.
 10810 | D:10     | 10810 ||| FLEEEEING.
 10811 | D:10     | 10811 ||| FLEEEEING.
 10815 | D:10     | 10815 ||| FLEEEEING.
 10816 | D:10     | 10816 ||| FLEEEEING.
 10819 | D:10     | 10819 ||| STAIRDANCE
 10921 | D:10     | 10921 ||| Stepping ~*~*~tactically~*~*~ (stealth).
 11010 | D:10     | 11010 ||| FLEEEEING.
 11011 | D:10     | 11011 ||| FLEEEEING.
 11012 | D:10     | 11012 ||| FLEEEEING.
 11013 | D:10     | 11013 ||| FLEEEEING.
 11014 | D:10     | 11014 ||| FLEEEEING.
 11015 | D:10     | 11015 ||| FLEEEEING.
 11016 | D:10     | 11016 ||| FLEEEEING.
 11163 | D:10     | 11163 ||| READING 5 scrolls of teleportation.
 11297 | D:11     | Noticed a boulder beetle
 11313 | D:11     | Killed a boulder beetle
 11314 | D:11     | Reached skill level 9 in Armour
 11517 | D:11     | Noticed a boulder beetle
 11590 | D:11     | Killed a boulder beetle
 11987 | D:11     | Found a staircase to the Orcish Mines.
 12096 | D:11     | Noticed a boulder beetle
 12105 | D:11     | Reached skill level 11 in Fighting
 12127 | D:11     | Killed a boulder beetle
 12255 | D:11     | Noticed a brown ugly thing
 12255 | D:11     | Noticed a centaur warrior
 12256 | D:11     | Noticed a four-headed hydra
 12256 | D:11     | 12256 ||| Stepping ~*~*~tactically~*~*~ (hiding).
 12257 | D:11     | 12257 ||| Stepping ~*~*~tactically~*~*~ (hiding).
 12264 | D:11     | 12264 ||| SWAPPING to +4 morningstar.
 12266 | D:11     | Noticed a cyan ugly thing
 12268 | D:11     | Killed a centaur warrior
 12269 | D:11     | 12269 ||| Stepping ~*~*~tactically~*~*~ (outnumbered).
 12270 | D:11     | HP: 20/102 [cyan ugly thing (12)]
 12271 | D:11     | 12271 ||| READING 4 scrolls of teleportation.
 12272 | D:11     | 12272 ||| DRINKING potion of heal wounds.
 12275 | D:11     | 12275 ||| SWAPPING to +8 hand axe of Experimentation
                  | {protect, Will+ Str-3 Dex+3}.
 12571 | D:11     | Noticed Sonja
 12572 | D:11     | 12572 ||| Stepping ~*~*~tactically~*~*~ (hiding).
 12578 | D:11     | 12578 ||| Stepping ~*~*~tactically~*~*~ (hiding).
 12579 | D:11     | 12579 ||| Stepping ~*~*~tactically~*~*~ (hiding).
 12583 | Abyss:2  | Cast into level 2 of the Abyss (Sonja)
 12593 | D:11     | Escaped the Abyss
 12598 | D:11     | Killed Sonja
 12960 | D:11     | Noticed a sun demon
 12972 | D:11     | 12972 ||| FLEEEEING.
 12973 | D:11     | 12973 ||| FLEEEEING.
 12974 | D:11     | 12974 ||| FLEEEEING.
 12975 | D:11     | 12975 ||| FLEEEEING.
 12976 | D:11     | 12976 ||| FLEEEEING.
 12977 | D:11     | 12977 ||| FLEEEEING.
 12978 | D:11     | 12978 ||| FLEEEEING.
 12979 | D:11     | 12979 ||| FLEEEEING.
 12980 | D:11     | 12980 ||| FLEEEEING.
 12981 | D:11     | 12981 ||| FLEEEEING.
 12982 | D:11     | 12982 ||| STAIRDANCE
 13068 | D:10     | 13068 ||| DROPPING amulet of magic regeneration.
 13069 | D:10     | 13069 ||| READING scroll labelled ROOTAORUJOK.
 13070 | D:10     | 13070 ||| READING 3 scrolls labelled VOEJEJ KOIWN.
 13254 | D:10     | 13254 ||| DRINKING 2 white potions.
 13355 | D:10     | 13355 ||| DROPPING potion of ambrosia.
 13356 | D:10     | 13356 ||| DROPPING 2 scrolls of torment.
 13359 | D:11     | 13359 ||| SWAPPING to +4 morningstar.
 13368 | D:11     | Killed a four-headed hydra
 13369 | D:11     | 13369 ||| STAIRDANCE
 13371 | D:10     | 13371 ||| SWAPPING to +8 hand axe of Experimentation
                  | {protect, Will+ Str-3 Dex+3}.
 13470 | D:11     | Killed a brown ugly thing
 13471 | D:11     | Reached XP level 12. HP: 110/110 MP: 11/11
 13591 | D:11     | Identified the +1 ring mail "Ankyjit" {Contam Harm Rampage
                  | Dex+4}
 13663 | D:11     | 13663 ||| PLANNING LAIR
 13709 | Lair:1   | Entered Level 1 of the Lair of Beasts
 13772 | Lair:1   | Reached skill level 12 in Fighting
 14175 | Lair:1   | Reached skill level 6 in Dodging
 14224 | Lair:1   | Found a transporter.
 14233 | Lair:1   | Noticed a catoblepas
 14256 | Lair:1   | Noticed an eight-headed hydra
 14257 | Lair:1   | Noticed qw's ghost (novice TrCA)
 14267 | Lair:1   | Found a transporter.
 14336 | Lair:1   | 14336 ||| Stepping ~*~*~tactically~*~*~ (stealth).
 14423 | Lair:1   | 14423 ||| INVOKING Sacrifice Experience.
 14423 | Lair:1   | Gained mutation: You are somewhat inexperienced. (-1 XL)
                  | [Ru sacrifice]
 14423 | Lair:1   | Reached XP level 11. HP: 104/104 MP: 10/10
 14423 | Lair:1   | Reached *** piety under Ru
 14423 | Lair:1   | Reached **** piety under Ru
 14803 | Lair:1   | 14803 ||| READING 15 scrolls of identify.
 14803 | Lair:1   | 14803 ||| IDENTIFYING grey potion
 14804 | Lair:1   | 14804 ||| DROPPING potion of lignification.
 14844 | Lair:2   | 14844 ||| STAIRDANCE
 14844 | Lair:2   | Noticed a death yak
 14933 | Lair:2   | Noticed a death yak
 14934 | Lair:2   | 14934 ||| STAIRDANCE
 14991 | Lair:2   | 14991 ||| STAIRDANCE
 15001 | Lair:1   | Killed a death yak
 15010 | Lair:1   | Killed a death yak
 15212 | Lair:2   | Reached skill level 13 in Fighting
 15242 | Lair:2   | Reached skill level 9 in Shields
 15471 | Lair:2   | Reached skill level 6 in Throwing
 15656 | Lair:2   | Found a staircase to the Snake Pit.
 15668 | Lair:2   | 15668 ||| Stepping ~*~*~tactically~*~*~ (stealth).
 15761 | Lair:2   | 15761 ||| Stepping ~*~*~tactically~*~*~ (stealth).
 15802 | Lair:2   | Reached skill level 14 in Fighting
 15869 | Lair:2   | Noticed a death yak
 15870 | Lair:2   | Noticed a death yak
 15887 | Lair:2   | Killed a death yak
 15892 | Lair:2   | Killed a death yak
 15893 | Lair:2   | Reached XP level 12. HP: 106/117 MP: 11/11
 16110 | Lair:3   | Found a runed translucent gate.
 16110 | Lair:3   | Found a runed translucent gate.
 16110 | Lair:3   | Found a runed translucent gate.
 16110 | Lair:3   | Noticed qw's ghost (journeyman TrCA)
 16232 | Lair:3   | 16232 ||| Stepping ~*~*~tactically~*~*~ (stealth).
 16253 | Lair:3   | Reached skill level 12 in Armour
 16268 | Lair:3   | 16268 ||| FLEEEEING.
 16269 | Lair:3   | 16269 ||| FLEEEEING.
 16270 | Lair:3   | 16270 ||| FLEEEEING.
 16271 | Lair:3   | 16271 ||| FLEEEEING.
 16272 | Lair:3   | 16272 ||| FLEEEEING.
 16273 | Lair:3   | 16273 ||| FLEEEEING.
 16274 | Lair:3   | 16274 ||| FLEEEEING.
 16275 | Lair:3   | 16275 ||| FLEEEEING.
 16276 | Lair:3   | 16276 ||| FLEEEEING.
 16277 | Lair:3   | 16277 ||| FLEEEEING.
 16278 | Lair:3   | 16278 ||| FLEEEEING.
 16279 | Lair:3   | 16279 ||| FLEEEEING.
 16280 | Lair:3   | 16280 ||| FLEEEEING.
 16281 | Lair:3   | 16281 ||| FLEEEEING.
 16282 | Lair:3   | 16282 ||| FLEEEEING.
 16283 | Lair:3   | 16283 ||| FLEEEEING.
 16284 | Lair:3   | 16284 ||| FLEEEEING.
 16285 | Lair:3   | 16285 ||| FLEEEEING.
 16286 | Lair:3   | 16286 ||| FLEEEEING.
 16287 | Lair:3   | 16287 ||| FLEEEEING.
 16288 | Lair:3   | 16288 ||| FLEEEEING.
 16289 | Lair:3   | 16289 ||| FLEEEEING.
 16290 | Lair:3   | 16290 ||| FLEEEEING.
 16291 | Lair:3   | 16291 ||| FLEEEEING.
 16292 | Lair:3   | 16292 ||| FLEEEEING.
 16293 | Lair:3   | 16293 ||| FLEEEEING.
 16294 | Lair:3   | 16294 ||| FLEEEEING.
 16295 | Lair:3   | 16295 ||| FLEEEEING.
 16296 | Lair:3   | 16296 ||| FLEEEEING.
 16297 | Lair:3   | 16297 ||| STAIRDANCE
 16384 | Lair:2   | 16384 ||| READING scroll labelled NIGHAGUREL.
 16632 | Lair:3   | 16632 ||| SWAPPING to +4 morningstar.
 16637 | Lair:3   | 16637 ||| Stepping ~*~*~tactically~*~*~ (outnumbered).
 16640 | Lair:3   | 16640 ||| Stepping ~*~*~tactically~*~*~ (outnumbered).
 16641 | Lair:3   | 16641 ||| Stepping ~*~*~tactically~*~*~ (outnumbered).
 16642 | Lair:3   | 16642 ||| Stepping ~*~*~tactically~*~*~ (outnumbered).
 16645 | Lair:3   | 16645 ||| Stepping ~*~*~tactically~*~*~ (outnumbered).
 16649 | Lair:3   | 16649 ||| SWAPPING to +8 hand axe of Experimentation
                  | {protect, Will+ Str-3 Dex+3}.
 16661 | Lair:3   | HP: 26/118 [yak (7)]
 16662 | Lair:3   | 16662 ||| READING 4 scrolls of teleportation.
 16663 | Lair:3   | 16663 ||| INVOKING Draw Out Power.
 16950 | Lair:3   | Reached skill level 15 in Fighting
 17267 | Lair:3   | 17267 ||| Stepping ~*~*~tactically~*~*~ (hiding).
 17376 | Lair:3   | 17376 ||| SWAPPING to +4 morningstar.
 17383 | Lair:3   | 17383 ||| SWAPPING to +8 hand axe of Experimentation
                  | {protect, Will+ Str-3 Dex+3}.
 17529 | Lair:3   | 17529 ||| Stepping ~*~*~tactically~*~*~ (stealth).
 17530 | Lair:3   | 17530 ||| Stepping ~*~*~tactically~*~*~ (stealth).
 17699 | Lair:3   | 17699 ||| INVOKING Sacrifice Experience.
 17699 | Lair:3   | Gained mutation: You are inexperienced. (-2 XL) [Ru
                  | sacrifice]
 17699 | Lair:3   | Reached XP level 11. HP: 112/112 MP: 10/10
 17699 | Lair:3   | Reached ***** piety under Ru
 17796 | Lair:3   | Found a staircase to the Swamp.
 17799 | Lair:3   | 17799 ||| INVOKING Apocalypse.
 17988 | Lair:3   | 17988 ||| READING 3 scrolls of teleportation.
 18045 | Lair:4   | 18045 ||| STAIRDANCE
 18091 | Lair:4   | 18091 ||| Stepping ~*~*~tactically~*~*~ (stealth).
 18092 | Lair:4   | 18092 ||| Stepping ~*~*~tactically~*~*~ (stealth).
 18113 | Lair:4   | 18113 ||| Stepping ~*~*~tactically~*~*~ (stealth).
 18169 | Lair:4   | 18169 ||| INVOKING Apocalypse.
 18170 | Lair:4   | 18170 ||| SWAPPING to +4 morningstar.
 18172 | Lair:4   | 18172 ||| SWAPPING to +8 hand axe of Experimentation
                  | {protect, Will+ Str-3 Dex+3}.
 18237 | Lair:4   | 18237 ||| Stepping ~*~*~tactically~*~*~ (stealth).
 18255 | Lair:4   | 18255 ||| Stepping ~*~*~tactically~*~*~ (stealth).
 18257 | Lair:4   | 18257 ||| Stepping ~*~*~tactically~*~*~ (stealth).
 18274 | Lair:4   | 18274 ||| Stepping ~*~*~tactically~*~*~ (stealth).
 18275 | Lair:4   | 18275 ||| Stepping ~*~*~tactically~*~*~ (stealth).
 18293 | Lair:4   | 18293 ||| Stepping ~*~*~tactically~*~*~ (stealth).
 18295 | Lair:4   | 18295 ||| Stepping ~*~*~tactically~*~*~ (stealth).
 18304 | Lair:4   | 18304 ||| Stepping ~*~*~tactically~*~*~ (stealth).
 18306 | Lair:4   | 18306 ||| Stepping ~*~*~tactically~*~*~ (stealth).
 18349 | Lair:4   | 18349 ||| Stepping ~*~*~tactically~*~*~ (stealth).
 18438 | Lair:4   | 18438 ||| Stepping ~*~*~tactically~*~*~ (stealth).
 18503 | Lair:4   | 18503 ||| Stepping ~*~*~tactically~*~*~ (stealth).
 18505 | Lair:4   | 18505 ||| Stepping ~*~*~tactically~*~*~ (stealth).
 18565 | Lair:4   | 18565 ||| Stepping ~*~*~tactically~*~*~ (stealth).
 18588 | Lair:4   | 18588 ||| Stepping ~*~*~tactically~*~*~ (stealth).
 18599 | Lair:4   | 18599 ||| Stepping ~*~*~tactically~*~*~ (stealth).
 18602 | Lair:4   | 18602 ||| Stepping ~*~*~tactically~*~*~ (stealth).
 18712 | Lair:4   | Found a staircase to the Slime Pits.
 18820 | Lair:4   | 18820 ||| Stepping ~*~*~tactically~*~*~ (stealth).
 18822 | Lair:4   | 18822 ||| Stepping ~*~*~tactically~*~*~ (stealth).
 19151 | Lair:4   | 19151 ||| READING scroll labelled OTSORU ODOY.
 19252 | Lair:4   | 19252 ||| READING 18 scrolls of identify.
 19252 | Lair:4   | 19252 ||| IDENTIFYING red potion
 19270 | Lair:5   | Entered Level 5 of the Lair of Beasts
 19272 | Lair:5   | 19272 ||| STAIRDANCE
 19283 | Lair:5   | 19283 ||| STAIRDANCE
 19309 | Lair:5   | 19309 ||| STAIRDANCE
 19412 | Lair:5   | 19412 ||| STAIRDANCE
 19414 | Lair:4   | 19414 ||| INVOKING Apocalypse.
 19486 | Lair:5   | 19486 ||| STAIRDANCE
 19644 | Lair:5   | 19644 ||| STAIRDANCE
 19678 | Lair:5   | 19678 ||| INVOKING Apocalypse.
 19681 | Lair:5   | 19681 ||| FLEEEEING.
 19689 | Lair:5   | Reached skill level 16 in Fighting
 19748 | Lair:5   | 19748 ||| FLEEEEING.
 19749 | Lair:5   | 19749 ||| FLEEEEING.
 19750 | Lair:5   | 19750 ||| FLEEEEING.
 19751 | Lair:5   | 19751 ||| FLEEEEING.
 19752 | Lair:5   | 19752 ||| STAIRDANCE
 19921 | Lair:5   | Reached XP level 12. HP: 116/119 MP: 11/11
 19951 | Lair:5   | 19951 ||| STAIRDANCE
 20003 | Lair:5   | 20003 ||| STAIRDANCE
 20057 | Lair:5   | 20057 ||| FLEEEEING.
 20058 | Lair:5   | 20058 ||| FLEEEEING.
 20059 | Lair:5   | 20059 ||| STAIRDANCE
 20113 | Lair:5   | 20113 ||| STAIRDANCE
 20123 | Lair:5   | 20123 ||| STAIRDANCE
 20128 | Lair:5   | 20128 ||| STAIRDANCE
 20130 | Lair:4   | 20130 ||| INVOKING Apocalypse.
 20198 | Lair:5   | 20198 ||| STAIRDANCE
 20207 | Lair:5   | 20207 ||| STAIRDANCE
 20383 | Lair:5   | 20383 ||| Stepping ~*~*~tactically~*~*~ (hiding).
 20385 | Lair:5   | 20385 ||| Stepping ~*~*~tactically~*~*~ (hiding).
 20475 | Lair:5   | 20475 ||| Stepping ~*~*~tactically~*~*~ (stealth).
 20551 | Lair:5   | 20551 ||| INVOKING Apocalypse.
 20555 | Lair:5   | Reached skill level 17 in Fighting
 20600 | Lair:5   | HP: 22/115 [wyvern (10)]
 20601 | Lair:5   | 20601 ||| READING 3 scrolls of teleportation.
 20602 | Lair:5   | 20602 ||| DRINKING 2 potions of heal wounds.
 20607 | Lair:5   | 20607 ||| INVOKING Apocalypse.
 20632 | Lair:5   | Reached skill level 9 in Dodging
 20677 | Lair:5   | 20677 ||| SWAPPING to +4 morningstar.
 20688 | Lair:5   | 20688 ||| INVOKING Apocalypse.
 20689 | Lair:5   | 20689 ||| SWAPPING to +8 hand axe of Experimentation
                  | {protect, Will+ Str-3 Dex+3}.
 20888 | Lair:5   | 20888 ||| INVOKING Sacrifice Stealth.
 20888 | Lair:5   | Gained mutation: You cannot be stealthy. [Ru sacrifice]
 20988 | Lair:5   | 20988 ||| SWAPPING to +4 morningstar.
 20998 | Lair:5   | 20998 ||| Stepping ~*~*~tactically~*~*~ (outnumbered).
 21000 | Lair:5   | 21000 ||| Stepping ~*~*~tactically~*~*~ (outnumbered).
 21004 | Lair:5   | 21004 ||| SWAPPING to +8 hand axe of Experimentation
                  | {protect, Will+ Str-3 Dex+3}.
 21093 | Lair:5   | 21093 ||| SWAPPING to +4 morningstar.
 21096 | Lair:5   | 21096 ||| Stepping ~*~*~tactically~*~*~ (outnumbered).
 21097 | Lair:5   | 21097 ||| Stepping ~*~*~tactically~*~*~ (outnumbered).
 21099 | Lair:5   | 21099 ||| Stepping ~*~*~tactically~*~*~ (outnumbered).
 21100 | Lair:5   | 21100 ||| Stepping ~*~*~tactically~*~*~ (outnumbered).
 21101 | Lair:5   | 21101 ||| Stepping ~*~*~tactically~*~*~ (outnumbered).
 21102 | Lair:5   | 21102 ||| Stepping ~*~*~tactically~*~*~ (outnumbered).
 21104 | Lair:5   | 21104 ||| DRINKING potion of cancellation.
 21104 | Lair:5   | HP: 22/107 [eight-headed hydra (10)]
 21105 | Lair:5   | 21105 ||| READING 2 scrolls of teleportation.
 21106 | Lair:5   | 21106 ||| DRINKING potion of heal wounds.
 21108 | Lair:5   | 21108 ||| SWAPPING to +8 hand axe of Experimentation
                  | {protect, Will+ Str-3 Dex+3}.
 21136 | Lair:5   | 21136 ||| INVOKING Apocalypse.
 21502 | Lair:5   | 21502 ||| Stepping ~*~*~tactically~*~*~ (stealth).
 21509 | Lair:5   | 21509 ||| Stepping ~*~*~tactically~*~*~ (water).
 21541 | Lair:5   | 21541 ||| SWAPPING to +4 morningstar.
 21551 | Lair:5   | 21551 ||| SWAPPING to +8 hand axe of Experimentation
                  | {protect, Will+ Str-3 Dex+3}.
 21636 | Lair:5   | 21636 ||| Stepping ~*~*~tactically~*~*~ (stealth).
 21639 | Lair:5   | 21639 ||| Stepping ~*~*~tactically~*~*~ (stealth).
 21671 | Lair:5   | 21671 ||| FLEEEEING.
 21675 | Lair:5   | 21675 ||| FLEEEEING.
 21676 | Lair:5   | 21676 ||| FLEEEEING.
 21677 | Lair:5   | 21677 ||| FLEEEEING.
 21678 | Lair:5   | 21678 ||| FLEEEEING.
 21679 | Lair:5   | 21679 ||| FLEEEEING.
 21680 | Lair:5   | 21680 ||| FLEEEEING.
 21681 | Lair:5   | 21681 ||| FLEEEEING.
 21682 | Lair:5   | 21682 ||| FLEEEEING.
 21683 | Lair:5   | 21683 ||| FLEEEEING.
 21684 | Lair:5   | 21684 ||| STAIRDANCE
 21755 | Lair:4   | 21755 ||| READING scroll labelled WAANUT RUROC.
 21758 | Lair:5   | 21758 ||| SWAPPING to +4 morningstar.
 21767 | Lair:5   | 21767 ||| STAIRDANCE
 21770 | Lair:4   | 21770 ||| SWAPPING to +8 hand axe of Experimentation
                  | {protect, Will+ Str-3 Dex+3}.
 21965 | Lair:5   | 21965 ||| Stepping ~*~*~tactically~*~*~ (stealth).
 21967 | Lair:5   | 21967 ||| Stepping ~*~*~tactically~*~*~ (stealth).
 21969 | Lair:5   | 21969 ||| Stepping ~*~*~tactically~*~*~ (hiding).
 22176 | Lair:5   | 22176 ||| Stepping ~*~*~tactically~*~*~ (hiding).
 22179 | Lair:5   | 22179 ||| Stepping ~*~*~tactically~*~*~ (hiding).
 22415 | Lair:5   | 22415 ||| PLANNING D
 22415 | Lair:5   | 22415 ||| DROPPING ring of magical power.
 22712 | D:12     | 22712 ||| Stepping ~*~*~tactically~*~*~ (hiding).
 22924 | D:12     | 22924 ||| READING scroll of enchant armour.
 22924 | D:12     | 22924 ||| ENCHANTING +0 pair of gloves.
 22990 | D:12     | 22990 ||| INVOKING Apocalypse.
 22991 | D:12     | 22991 ||| SWAPPING to +4 morningstar.
 22994 | D:12     | 22994 ||| SWAPPING to +8 hand axe of Experimentation
                  | {protect, Will+ Str-3 Dex+3}.
 22995 | D:12     | 22995 ||| FLEEEEING.
 23010 | D:12     | 23010 ||| FLEEEEING.
 23011 | D:12     | 23011 ||| FLEEEEING.
 23183 | D:12     | 23183 ||| Stepping ~*~*~tactically~*~*~ (stealth).
 23212 | D:12     | 23212 ||| FLEEEEING.
 23213 | D:12     | 23213 ||| FLEEEEING.
 23214 | D:12     | 23214 ||| FLEEEEING.
 23215 | D:12     | 23215 ||| FLEEEEING.
 23216 | D:12     | 23216 ||| FLEEEEING.
 23217 | D:12     | 23217 ||| FLEEEEING.
 23218 | D:12     | 23218 ||| FLEEEEING.
 23219 | D:12     | 23219 ||| FLEEEEING.
 23220 | D:12     | 23220 ||| FLEEEEING.
 23221 | D:12     | 23221 ||| FLEEEEING.
 23222 | D:12     | 23222 ||| FLEEEEING.
 23246 | D:12     | Reached skill level 15 in Armour
 23536 | D:12     | Found a runed translucent door.
 23536 | D:12     | Noticed qw's ghost (novice GrBe)
 23570 | D:12     | 23570 ||| READING scroll of teleportation.
 23842 | D:13     | 23842 ||| Stepping ~*~*~tactically~*~*~ (hiding).
 23919 | D:13     | 23919 ||| Stepping ~*~*~tactically~*~*~ (stealth).
 23922 | D:13     | 23922 ||| Stepping ~*~*~tactically~*~*~ (stealth).
 23923 | D:13     | 23923 ||| Stepping ~*~*~tactically~*~*~ (stealth).
 23951 | D:13     | 23951 ||| INVOKING Apocalypse.
 23953 | D:13     | Reached skill level 18 in Fighting
 23980 | D:13     | 23980 ||| FLEEEEING.
 23981 | D:13     | 23981 ||| FLEEEEING.
 23985 | D:13     | 23985 ||| FLEEEEING.
 23986 | D:13     | 23986 ||| FLEEEEING.
 23987 | D:13     | 23987 ||| FLEEEEING.
 23991 | D:13     | 23991 ||| FLEEEEING.
 23992 | D:13     | 23992 ||| FLEEEEING.
 23993 | D:13     | 23993 ||| FLEEEEING.
 23994 | D:13     | 23994 ||| FLEEEEING.
 23995 | D:13     | 23995 ||| FLEEEEING.
 23996 | D:13     | 23996 ||| FLEEEEING.
 23997 | D:13     | 23997 ||| FLEEEEING.
 23998 | D:13     | 23998 ||| FLEEEEING.
 23999 | D:13     | 23999 ||| FLEEEEING.
 24000 | D:13     | 24000 ||| FLEEEEING.
 24001 | D:13     | 24001 ||| FLEEEEING.
 24002 | D:13     | 24002 ||| FLEEEEING.
 24003 | D:13     | 24003 ||| FLEEEEING.
 24004 | D:13     | 24004 ||| FLEEEEING.
 24005 | D:13     | 24005 ||| FLEEEEING.
 24006 | D:13     | 24006 ||| FLEEEEING.
 24007 | D:13     | 24007 ||| FLEEEEING.
 24008 | D:13     | 24008 ||| FLEEEEING.
 24009 | D:13     | 24009 ||| FLEEEEING.
 24010 | D:13     | 24010 ||| FLEEEEING.
 24011 | D:13     | 24011 ||| FLEEEEING.
 24012 | D:13     | 24012 ||| FLEEEEING.
 24013 | D:13     | 24013 ||| FLEEEEING.
 24014 | D:13     | 24014 ||| FLEEEEING.
 24015 | D:13     | 24015 ||| FLEEEEING.
 24147 | D:13     | 24147 ||| INVOKING Sacrifice Arcana.
 24147 | D:13     | Gained mutation: You cannot study or cast Earth magic. [Ru
                  | sacrifice]
 24147 | D:13     | Gained mutation: You cannot study or cast Transmutations
                  | magic. [Ru sacrifice]
 24147 | D:13     | Gained mutation: You cannot study or cast Conjurations
                  | magic. [Ru sacrifice]
 24147 | D:13     | Reached ****** piety under Ru
 24191 | D:13     | Found Xunutil's Armour Emporium.
 24201 | D:13     | 24201 ||| Stepping ~*~*~tactically~*~*~ (hiding).
 24202 | D:13     | 24202 ||| Stepping ~*~*~tactically~*~*~ (hiding).
 24295 | D:13     | 24295 ||| Stepping ~*~*~tactically~*~*~ (stealth).
 24298 | D:13     | 24298 ||| Stepping ~*~*~tactically~*~*~ (hiding).
 24328 | D:13     | Reached XP level 13. HP: 89/127 MP: 12/12
 24565 | D:13     | 24565 ||| INVOKING Apocalypse.
 24566 | D:13     | 24566 ||| SWAPPING to +4 morningstar.
 24569 | D:13     | 24569 ||| SWAPPING to +8 hand axe of Experimentation
                  | {protect, Will+ Str-3 Dex+3}.
 24592 | D:13     | 24592 ||| FLEEEEING.
 24628 | D:13     | 24628 ||| Stepping ~*~*~tactically~*~*~ (stealth).
 24639 | D:13     | Noticed a storm dragon
 24640 | D:13     | 24640 ||| DRINKING potion of resistance.
 24675 | D:13     | HP: 26/118 [storm dragon/bolt of lightning (15)]
 24676 | D:13     | 24676 ||| DRINKING potion of heal wounds.
 24677 | D:13     | Killed a storm dragon
 24680 | D:13     | 24680 ||| INVOKING Apocalypse.
 24912 | D:13     | 24912 ||| Stepping ~*~*~tactically~*~*~ (hiding).
 24913 | D:13     | 24913 ||| Stepping ~*~*~tactically~*~*~ (hiding).
 24970 | D:13     | 24970 ||| FLEEEEING.
 24978 | D:13     | 24978 ||| STAIRDANCE
 25246 | D:12     | 25246 ||| UPGRADING to +0 buckler of protection.
 25256 | D:12     | 25256 ||| DROPPING +0 buckler.
 25257 | D:12     | 25257 ||| UPGRADING to amulet of guardian spirit.
 25317 | D:13     | Found a gate to the Vaults.
 25478 | D:13     | Noticed Josephine
 25487 | D:13     | Killed Josephine
 25594 | D:13     | 25594 ||| Stepping ~*~*~tactically~*~*~ (stealth).
 25656 | D:13     | 25656 ||| FLEEEEING.
 25657 | D:13     | 25657 ||| FLEEEEING.
 25658 | D:13     | 25658 ||| STAIRDANCE
 25776 | D:12     | 25776 ||| SWAPPING to +4 morningstar.
 25784 | D:12     | 25784 ||| SWAPPING to +8 hand axe of Experimentation
                  | {protect, Will+ Str-3 Dex+3}.
 25933 | D:13     | 25933 ||| Stepping ~*~*~tactically~*~*~ (stealth).
 26696 | D:14     | 26696 ||| Stepping ~*~*~tactically~*~*~ (hiding).
 27130 | D:15     | Entered Level 15 of the Dungeon
 27146 | D:15     | 27146 ||| Stepping ~*~*~tactically~*~*~ (hiding).
 27148 | D:15     | 27148 ||| Stepping ~*~*~tactically~*~*~ (hiding).
 27185 | D:15     | HP: 32/133 [skeletal warrior/+0 mace (3)]
 27186 | D:15     | 27186 ||| READING 2 scrolls of teleportation.
 27187 | D:15     | 27187 ||| INVOKING Draw Out Power.
 27439 | D:15     | 27439 ||| INVOKING Apocalypse.
 27461 | D:15     | 27461 ||| FLEEEEING.
 27497 | D:15     | 27497 ||| Stepping ~*~*~tactically~*~*~ (stealth).
 27499 | D:15     | 27499 ||| Stepping ~*~*~tactically~*~*~ (hiding).
 27501 | D:15     | 27501 ||| Stepping ~*~*~tactically~*~*~ (hiding).
 27520 | D:15     | HP: 26/117 [mirror damage (5)]
 27521 | D:15     | 27521 ||| READING scroll of teleportation.
 27522 | D:15     | 27522 ||| DRINKING potion of heal wounds.
 27736 | D:15     | 27736 ||| Stepping ~*~*~tactically~*~*~ (stealth).
 27739 | D:15     | 27739 ||| FLEEEEING.
 27740 | D:15     | 27740 ||| FLEEEEING.
 27741 | D:15     | 27741 ||| STAIRDANCE
 27897 | D:15     | 27897 ||| Stepping ~*~*~tactically~*~*~ (hiding).
 27899 | D:15     | 27899 ||| Stepping ~*~*~tactically~*~*~ (hiding).
 27956 | D:15     | Reached skill level 19 in Fighting
 27980 | D:15     | Found a staircase to the Depths.
 27980 | D:15     | Noticed a frost giant
 27981 | D:15     | 27981 ||| INVOKING Apocalypse.
 27981 | D:15     | Killed a frost giant
 27988 | D:15     | 27988 ||| FLEEEEING.
 27989 | D:15     | 27989 ||| FLEEEEING.
 28234 | D:15     | 28234 ||| Stepping ~*~*~tactically~*~*~ (hiding).
 28706 | D:15     | 28706 ||| PLANNING ORC
 28790 | Orc:1    | Entered Level 1 of the Orcish Mines
 28806 | Orc:1    | Paralysed by an orc sorcerer for 5 turns
 28894 | Orc:1    | 28894 ||| Stepping ~*~*~tactically~*~*~ (stealth).
 28902 | Orc:1    | 28902 ||| Stepping ~*~*~tactically~*~*~ (hiding).
 28916 | Orc:1    | 28916 ||| Stepping ~*~*~tactically~*~*~ (hiding).
 28974 | Orc:1    | 28974 ||| Stepping ~*~*~tactically~*~*~ (stealth).
 28997 | Orc:1    | 28997 ||| SWAPPING to +0 broad axe.
 29014 | Orc:1    | Noticed an orc warlord
 29055 | Orc:1    | Killed an orc warlord
 29190 | Orc:1    | 29190 ||| DROPPING +0 war axe.
 29191 | Orc:1    | 29191 ||| DROPPING +8 hand axe of Experimentation {protect,
                  | Will+ Str-3 Dex+3}.
 29192 | Orc:1    | 29192 ||| READING scroll of enchant weapon.
 29192 | Orc:1    | 29192 ||| ENCHANTING +0 broad axe.
 29304 | Orc:1    | 29304 ||| READING scroll of brand weapon.
 29304 | Orc:1    | 29304 ||| BRANDING +1 broad axe.
 29330 | Orc:1    | 29330 ||| Stepping ~*~*~tactically~*~*~ (hiding).
 29332 | Orc:1    | 29332 ||| Stepping ~*~*~tactically~*~*~ (hiding).
 29338 | Orc:1    | 29338 ||| Stepping ~*~*~tactically~*~*~ (stealth).
 29433 | Orc:1    | 29433 ||| Stepping ~*~*~tactically~*~*~ (stealth).
 29441 | Orc:1    | Found Byhotaty's Antique Weapon Shop.
 29452 | Orc:1    | 29452 ||| UPGRADING to +0 kite shield.
 29458 | Orc:1    | 29458 ||| UPGRADING to +0 kite shield.
 29463 | Orc:1    | 29463 ||| DROPPING +0 buckler of protection.
 29548 | Orc:2    | Entered Level 2 of the Orcish Mines
 29662 | Orc:2    | Found Tokhluh's Weapon Emporium.
 29664 | Orc:2    | 29664 ||| STAIRDANCE
 29673 | Orc:2    | 29673 ||| STAIRDANCE
 29741 | Orc:2    | 29741 ||| STAIRDANCE
 29915 | Orc:2    | 29915 ||| STAIRDANCE
 29964 | Orc:2    | 29964 ||| STAIRDANCE
 30101 | Orc:2    | 30101 ||| STAIRDANCE
 30172 | Orc:2    | 30172 ||| STAIRDANCE
 30213 | Orc:2    | 30213 ||| STAIRDANCE
 30215 | Orc:1    | 30215 ||| INVOKING Apocalypse.
 30291 | Orc:2    | 30291 ||| STAIRDANCE
 30391 | Orc:2    | 30391 ||| STAIRDANCE
 30404 | Orc:2    | 30404 ||| STAIRDANCE
 30502 | Orc:2    | 30502 ||| FLEEEEING.
 30503 | Orc:2    | 30503 ||| FLEEEEING.
 30504 | Orc:2    | 30504 ||| FLEEEEING.
 30505 | Orc:2    | 30505 ||| FLEEEEING.
 30506 | Orc:2    | 30506 ||| STAIRDANCE
 30682 | Orc:2    | Found Raqukkoo's Jewellery Boutique.
 30689 | Orc:2    | Found Zionak's Armour Shoppe.
 30690 | Orc:2    | Found Yrchamp's Antique Weapon Emporium.
 30692 | Orc:2    | 30692 ||| BUYING +4 ring of protection (504 gold).
 30692 | Orc:2    | Bought a +4 ring of protection for 504 gold pieces
 30692 | Orc:2    | 30692 ||| BUYING +6 ring of strength (504 gold).
 30692 | Orc:2    | Bought a +6 ring of strength for 504 gold pieces
 30692 | Orc:2    | 30692 ||| BUYING ring of Watwen {rF+ rC+ rCorr Str+3
                  | Slay+3} (838 gold).
 30692 | Orc:2    | Bought the ring of Watwen {rF+ rC+ rCorr Str+3 Slay+3} for
                  | 838 gold pieces
 30705 | Orc:2    | Found Xukit's Assorted Antiques.
 30715 | Orc:2    | 30715 ||| BUYING potion of heal wounds (200 gold).
 30715 | Orc:2    | Bought a potion of heal wounds for 200 gold pieces
 30797 | Orc:2    | Found Seiff's Distillery.
 30805 | Orc:2    | 30805 ||| Stepping ~*~*~tactically~*~*~ (stealth).
 30806 | Orc:2    | 30806 ||| Stepping ~*~*~tactically~*~*~ (hiding).
 30807 | Orc:2    | 30807 ||| Stepping ~*~*~tactically~*~*~ (hiding).
 30808 | Orc:2    | 30808 ||| Stepping ~*~*~tactically~*~*~ (hiding).
 30930 | Orc:2    | 30930 ||| BUYING potion of curing (48 gold).
 30930 | Orc:2    | Bought a potion of curing for 48 gold pieces
 30930 | Orc:2    | 30930 ||| BUYING potion of curing (48 gold).
 30930 | Orc:2    | Bought a potion of curing for 48 gold pieces
 30930 | Orc:2    | 30930 ||| BUYING potion of curing (48 gold).
 30930 | Orc:2    | Bought a potion of curing for 48 gold pieces
 30930 | Orc:2    | 30930 ||| BUYING potion of curing (48 gold).
 30930 | Orc:2    | Bought a potion of curing for 48 gold pieces
 30930 | Orc:2    | 30930 ||| SHOPLISTING potion of haste (160 gold, have 115).
 30930 | Orc:2    | 30930 ||| BUYING potion of might (64 gold).
 30930 | Orc:2    | Bought a potion of might for 64 gold pieces
 30930 | Orc:2    | 30930 ||| SHOPLISTING potion of resistance (160 gold, have
                  | 51).
 30996 | Orc:2    | 30996 ||| Stepping ~*~*~tactically~*~*~ (hiding).
 31007 | Orc:2    | 31007 ||| FLEEEEING.
 31014 | Orc:2    | 31014 ||| STAIRDANCE
 31151 | Orc:1    | Found Duuplay's CLEARANCE SALE!.
 31191 | Orc:1    | 31191 ||| DROPPING ring of resist corrosion.
 31192 | Orc:1    | 31192 ||| DROPPING +6 ring of strength.
 31193 | Orc:1    | 31193 ||| DROPPING ring of resist corrosion.
 31194 | Orc:1    | 31194 ||| UPGRADING to ring of Watwen {rF+ rC+ rCorr Str+3
                  | Slay+3}.
 31196 | Orc:1    | 31196 ||| DROPPING ring of see invisible.
 31244 | Orc:2    | Found a staircase to the Elven Halls.
 31259 | Orc:2    | Found Zugesesu's Assorted Antiques.
 31274 | Orc:2    | 31274 ||| Stepping ~*~*~tactically~*~*~ (stealth).
 31275 | Orc:2    | 31275 ||| Stepping ~*~*~tactically~*~*~ (stealth).
 31278 | Orc:2    | 31278 ||| Stepping ~*~*~tactically~*~*~ (stealth).
 31279 | Orc:2    | 31279 ||| SHOPLISTING pair of runed gloves (240 gold, have
                  | 188).
 31279 | Orc:2    | 31279 ||| BUYING potion of curing (96 gold).
 31279 | Orc:2    | Bought a potion of curing for 96 gold pieces
 31279 | Orc:2    | 31279 ||| SHOPLISTING potion of mutation (256 gold, have
                  | 92).
 31279 | Orc:2    | 31279 ||| SHOPLISTING scroll of enchant armour (240 gold,
                  | have 92).
 31626 | Orc:2    | 31626 ||| PLANNING SNAKE:1-3
 31815 | Snake:1  | Entered Level 1 of the Snake Pit
 31830 | Snake:1  | 31830 ||| Stepping ~*~*~tactically~*~*~ (hiding).
 31840 | Snake:1  | Reached XP level 14. HP: 97/146 MP: 8/13
 31842 | Abyss:2  | Cast into level 2 of the Abyss (salamander)
 31996 | Abyss:2  | 31996 ||| INVOKING Apocalypse.
 32001 | Abyss:2  | 32001 ||| Stepping ~*~*~tactically~*~*~ (stealth).
 32039 | Abyss:2  | 32039 ||| Stepping ~*~*~tactically~*~*~ (stealth).
 32041 | Abyss:2  | 32041 ||| Stepping ~*~*~tactically~*~*~ (stealth).
 32042 | Abyss:2  | 32042 ||| Stepping ~*~*~tactically~*~*~ (stealth).
 32043 | Abyss:2  | 32043 ||| Stepping ~*~*~tactically~*~*~ (stealth).
 32043 | Abyss:2  | Noticed a tentacled starspawn
 32057 | Abyss:2  | Killed a tentacled starspawn
 32175 | Abyss:2  | 32175 ||| Stepping ~*~*~tactically~*~*~ (stealth).
 32211 | Abyss:2  | 32211 ||| Stepping ~*~*~tactically~*~*~ (stealth).
 32215 | Abyss:2  | 32215 ||| Stepping randomly (disturbance).
 32223 | Abyss:2  | HP: 22/144 [something (15)]
 32224 | Abyss:2  | Slain by a lorocyproca

Levels and vault maps discovered:
D:1:      dpeg_arrival_arbitrary_c, layout_loops_ring
D:2:      layout_basic, skrybe_limestone_x
D:3:      layout_basic, mainiacjoe_overflow_alcove_2, uniq_natasha
D:4:      layout_cave_pods, mainiacjoe_overflow_small_starburst, minitemple,
          uniq_grinder
D:5:      layout_basic, mainiacjoe_overflow_alcove_4,
          nicolae_ru_sacrificial_ziggurat, portal_sewer_entry_f,
          minmay_misc_feat_plants
D:6:      layout_loops_ring, minmay_temple_entry_statues_fountains,
          uniq_menkaure
D:7:      layout_loops_ring, grunt_gozag_statues, serial_shops,
          nicolae_shop_bloodbath_and_beyond, grunt_ministairs_13,
          minmay_unpleasant_kobolds, uniq_prince_ribbit1
D:8:      layout_layer_cave, kennysheep_little_box,
          nicolae_overflow_hidden_temple, reono_crystal_passage
D:9:      layout_rooms, grunt_lair_entry_orc_guard_hut, kennysheep_path_1,
          uniq_grum
D:10:     minmay_twisted_water, layout_rooms, lemuel_old_faithful
D:11:     minmay_chambers_of_sevens, layout_irregular_city, orc_0_dummy,
          uniq_sonja
D:12:     layout_long_grid, hellmonk_ghost_happy_afterlife
D:13:     nzn_winding_woodlands_small [nzn_winding_woodlands_5x15_garden,
          nzn_winding_woodlands_center_lodge,
          nzn_winding_woodlands_5x15_river_crossing], layout_loops_ring,
          hangedman_vaults_entry_quadrant_bands, serial_shops, shop_coins,
          uniq_josephine
D:14:     layout_loops_ring, chequers_serial_rivers_small_b
D:15:     grunt_enter_depths_snipers, layout_basic, kennysheep_crisscross
Lair:1:   layout_regular_city, gammafunk_ghost_berserking_beasts, minmay_holes,
          chequers_serial_rivers_room_b, grunt_megastairs_5
Lair:2:   layout_cave_shapes, minmay_snake_entry_guardpost_medium,
          serial_bayou_pond_a
Lair:3:   layout_cave_pods, nicolae_swamp_entry_splash_gauntlet,
          gammafunk_ghost_hydra_chop, infiniplex_staircase_pool
Lair:4:   layout_roguey, minmay_slime_entry_jelly_boxes, grunt_megastairs_3
Lair:5:   gammafunk_lair_ancient_temple, layout_gridlike, special_room
          [special_room_mythical_zoo]
Snake:1:  layout_rooms, nicolae_snake_springs, uniq_jorgrun
Orc:1:    layout_diamond_mine, serial_shops, shop, library_closet,
          nicolae_shop_clearance
Orc:2:    st_orc_open, layout_caves, serial_shops, shop,
          nicolae_shop_competitors_out_of_business, nicolae_shop_crystal
Abyss:2:  base: D:10, hangedman_abyss_sting, base:
Lair:4

Skill      XL: |  1  2  3  4  5  6  7  8  9 10 11 12 13 |
---------------+----------------------------------------+-----
Axes           | 3 4 5 8 10 12 13 15 17 | 17.9
Dodging        | 2 3 4 7 9 10 | 10.0
Fighting       | 4 5 6 8 9 16 18 19 | 19.0
Throwing       | 1 3 7 |  7.7
Shields        | 4 5 6 10 11 | 11.9
Armour         | 5 6 8 13 15 16 | 16.0

Action                   |  1- 3 |  4- 6 |  7- 9 | 10-12 | 13-15 || total
-------------------------+-------+-------+-------+-------+-------++-------
Melee: War axe           |    57 |    73 |   255 |       |       ||   385
       Headbutt          |    10 |    11 |    56 |   347 |   127 ||   551
       Hand axe          |       |       |    45 |  1547 |   387 ||  1979
       Morningstar       |       |       |       |    75 |     7 ||    82
       Broad axe         |       |       |       |       |   345 ||   345
Throw: Boomerang         |     6 |    34 |    80 |    10 |    15 ||   145
       Javelin           |       |       |     9 |   120 |     7 ||   136
Invok: Sacrifice Love    |       |       |     1 |       |       ||     1
       Sacrifice an Eye  |       |       |       |     1 |       ||     1
       Apocalypse        |       |       |       |    11 |     6 ||    17
       Sacrifice Experie |       |       |       |     2 |       ||     2
       Draw Out Power    |       |       |       |     1 |     1 ||     2
       Sacrifice Stealth |       |       |       |     1 |       ||     1
       Sacrifice Arcana  |       |       |       |     1 |       ||     1
  Use: Scroll            |     4 |     4 |    10 |    16 |     4 ||    38
       Potion            |       |     1 |     4 |     6 |     3 ||    14
 Stab: Invisible         |       |       |       |    11 |     7 ||    18
       Distracted        |       |       |       |     4 |     3 ||     7
       Paralysed         |       |       |       |    10 |    17 ||    27
Armor: Scale mail        |    19 |    19 |     1 |       |       ||    39
       Chain mail        |       |       |    74 |       |       ||    74
       Plate armour      |       |       |    79 |   813 |   337 ||  1229
Dodge: Dodged            |    21 |    25 |   102 |   537 |   281 ||   966
Block: Buckler           |     8 |    20 |    51 |   363 |    86 ||   528
       Kite shield       |       |       |       |       |   155 ||   155

Table legend:
 A = Non-vault XP
 B = Vault XP
 C = Vault XP percentage of total XP
 D = Non-vault monster count
 E = Vault monster count
 F = Vault count percentage of total count
                 A         B        C        D         E       F
            +---------+---------+-------+---------+---------+-------
      Total |  101902 |   60077 |  37.1 |     523 |     209 |  28.6
            +---------+---------+-------+---------+---------+-------
        D:1 |      29 |       0 |   0.0 |      19 |       0 |   0.0
        D:2 |      42 |       0 |   0.0 |       8 |       0 |   0.0
        D:3 |     190 |      37 |  16.3 |      21 |       1 |   4.5
        D:4 |     350 |     267 |  43.3 |      23 |       1 |   4.2
        D:5 |     385 |      10 |   2.5 |      15 |       5 |  25.0
        D:6 |     877 |     458 |  34.3 |      25 |       2 |   7.4
        D:7 |     876 |     250 |  22.2 |      14 |       8 |  36.4
        D:8 |     822 |       0 |   0.0 |      19 |       0 |   0.0
        D:9 |    2723 |    1464 |  35.0 |      21 |      10 |  32.3
       D:10 |    2969 |    1179 |  28.4 |      27 |       9 |  25.0
       D:11 |    2991 |    6559 |  68.7 |       9 |      14 |  60.9
       D:12 |    3722 |       0 |   0.0 |       8 |       0 |   0.0
       D:13 |    8536 |   13331 |  61.0 |      16 |      32 |  66.7
       D:14 |    3570 |       0 |   0.0 |      12 |       0 |   0.0
       D:15 |    9072 |    2207 |  19.6 |      14 |       3 |  17.6
     Lair:1 |    4549 |    2653 |  36.8 |      14 |       7 |  33.3
     Lair:2 |    7791 |     812 |   9.4 |      20 |       5 |  20.0
     Lair:3 |    9608 |     673 |   6.5 |      34 |       3 |   8.1
     Lair:4 |   11519 |    2219 |  16.2 |      45 |      18 |  28.6
     Lair:5 |   12624 |   14010 |  52.6 |      38 |      46 |  54.8
    Snake:1 |    2969 |       0 |   0.0 |       4 |       0 |   0.0
      Orc:1 |    4312 |   11904 |  73.4 |      55 |      32 |  36.8
      Orc:2 |    2863 |    1892 |  39.8 |      37 |       4 |   9.8
    Abyss:2 |    8513 |       0 |   0.0 |      25 |       0 |   0.0
      Sewer |       0 |     152 | 100.0 |       0 |       9 | 100.0
            +---------+---------+-------+---------+---------+-------
